 Dungeon Crawl Stone Soup version 0.24.1-14-gf8d2b509d9 (webtiles) character file.

Game seed: 15785539799452024708, levelgen mode: deterministic

270 KlarStein the Slasher (level 6, 20/72 HPs)
             Began as a Demonspawn Berserker on Dec 11, 2020.
             Was a Priest of Trog.
             Quit the game on level 4 of the Dungeon.
             The game lasted 00:08:55 (2986 turns).

KlarStein the Slasher (Demonspawn Berserker)        Turns: 2986, Time: 00:08:55

Health: 20/72      AC:  4    Str: 28    XL:     6   Next: 1%
Magic:  6/6        EV: 13    Int:  8    God:    Trog [***...]
Gold:   191        SH:  0    Dex: 18    Spells: 5/5 levels left

rFire    + . .     SeeInvis .   a - +1 falchion
rCold    . . .     Gourm    .   (no shield)
rNeg     . . .     Faith    .   l - +0 leather armour (curse)
rPois    .         Spirit   .   (no helmet)
rElec    .         Reflect  .   g - +0 cloak
rCorr    .         Harm     .   (no gloves)
MR       .....                  (no boots)
Stlth    ..........             (no amulet)
HPRegen  0.22/turn              j - +6 ring of strength
MPRegen  0.10/turn              p - +3 ring of dexterity

@: berserking (expiring), mildly poisoned (20 -> 19), very quick
A: fire resistance 1, nightstalker 1
a: Berserk, Trog's Hand, Renounce Religion


You were on level 4 of the Dungeon.
You worshipped Trog.
Trog was most pleased with you.
You were hungry.

You visited 1 branch of the dungeon, and saw 4 of its levels.

You collected 191 gold pieces.

Inventory:

Hand Weapons
 a - a +1 falchion (weapon)
 q - a +1 short sword of electrocution
Missiles
 h - 25 poisoned darts (quivered)
Armour
 f - a +0 ring mail
 g - a +0 cloak (worn)
 k - a cursed +0 ring mail
 l - a cursed +0 leather armour (worn)
 n - a +0 scale mail
Jewellery
 j - a +6 ring of strength (left hand)
 p - a +3 ring of dexterity (right hand)
Wands
 o - a wand of digging (7)
Scrolls
 d - 6 scrolls of identify
 i - 2 scrolls of noise
Potions
 b - a potion of flight
 e - 7 potions of curing
Comestibles
 c - 6 rations


   Skills:
 + Level 4.0 Fighting
 * Level 4.4 Long Blades
 + Level 3.0 Armour
 + Level 3.0 Dodging


You had 5 spell levels left.
You didn't know any spells.
Your spell library was empty.

Dungeon Overview and Level Annotations

Branches:
Dungeon (4/15)
 Temple: D:4-7

Altars:
Fedhas


Innate Abilities, Weirdness & Mutations

Your flesh is heat resistant. (rF+)
You are slightly more attuned to the shadows.


Message History

The gnoll hits you with a +0 spear.
You barely miss the gnoll. You completely miss the gnoll.
The gnoll hits you with a +0 spear.
* * * LOW HITPOINT WARNING * * *
You completely miss the gnoll.
You feel sick. The gnoll closely misses you.
You slash the gnoll!
The gnoll is almost dead.
The gnoll hits you but does no damage.
You slash the gnoll!
You kill the gnoll!
Trog accepts your kill.
Your Fighting skill increases to level 4!
You have reached level 6!
Your experience leads to an increase in your attributes!
Your base attributes are Str 17, Int 8, Dex 14.
Increase (S)trength, (I)ntelligence, or (D)exterity?
You feel agile.
Your demonic ancestry asserts itself...
You slip into the darkness of the dungeon.
Unknown command.
Are you sure you want to abandon this character and quit the game? (Confirm with "yes".)

#..!...........
#..............
####.............. ###
#<##.............. [.#
#.##.............. #.#
#.##.............. #.#
#.##?)............ #.#
#.##....g......... #(#
#@##..............
#.###)##..............
.#.....##..............
......'..........)..........
o....o########..............
...... #.............. ....J
######...##.### ..... #.#.#
?# #### .#..#


There were no monsters in sight!

Vanquished Creatures
  3 orc wizards (D:3)
  A centaur skeleton (D:3)
  7 adders
  A gnoll (D:4)
  A dart slug (D:3)
  2 leopard geckos
  6 orcs (D:3)
  5 giant cockroaches
  9 goblins
  10 hobgoblins
  9 jackals (D:2)
  8 bats
  6 frilled lizards
  8 kobolds
  5 rats
81 creatures vanquished.

Notes
Turn   | Place    | Note
-------+----------+-------------------------------------------
     0 | D:1      | KlarStein the Demonspawn Berserker began the quest for the
                  | Orb.
     0 | D:1      | Reached XP level 1. HP: 18/18 MP: 1/1
   222 | D:1      | Gained mutation: Your flesh is heat resistant. (rF+)
                  | [demonic ancestry]
   222 | D:1      | Reached XP level 2. HP: 22/24 MP: 2/2
   711 | D:1      | Reached XP level 3. HP: 28/29 MP: 3/3
   757 | D:2      | Reached ** piety under Trog
   820 | D:2      | Found a faded altar of an unknown god.
  1130 | D:2      | Found a blossoming altar of Fedhas.
  1231 | D:2      | Reached XP level 4. HP: 35/35 MP: 4/4
  1971 | D:3      | Reached XP level 5. HP: 34/41 MP: 5/5
  2531 | D:3      | Reached *** piety under Trog
  2985 | D:4      | Gained mutation: You are slightly more attuned to the
                  | shadows. [demonic ancestry]
  2985 | D:4      | Reached XP level 6. HP: 20/48 MP: 6/6
  2986 | D:4      | Quit the game

Levels and vault maps discovered:
D:1:      dpeg_arrival_windows_large_door, layout_basic, minmay_quantized
D:2:      minmay_inner_zag, layout_loops_ring, nicolae_overflow_hidden_temple,
          chequers_ecumenical_altar_grove, fedhas_altar_2
D:3:      layout_basic, first_ration
D:4:      layout_basic, nicolae_ossuary_entry_false_entrances, tso_metal_star

Skill      XL: |  1  2  3  4  5 |
---------------+----------------+-----
Armour         | 2 3 |  3.0
Dodging        | 2 3 |  3.0
Long Blades    | 3 4 |  4.4
Fighting       | 4 |  4.0

Action                   |  1- 3 |  4- 6 || total
-------------------------+-------+-------++-------
Melee: Falchion          |   123 |   114 ||   237
       Short sword       |       |    15 ||    15
Invok: Berserk           |     1 |     2 ||     3
  Use: Scroll            |       |    11 ||    11
  Eat: Chunk             |     2 |     7 ||     9
Armor: Ring mail         |    48 |    51 ||    99
       Animal skin       |     2 |       ||     2
       Leather armour    |       |     5 ||     5
Dodge: Dodged            |    84 |    86 ||   170
       Rpst.: Falchion   |    27 |    25 ||    52
